 Dungeon Crawl Stone Soup version 0.23.1 (webtiles) character file.

Game seed: 0

56805 Borgoz the Slicer (level 14, -3/122 HPs)
             Began as a Ghoul Assassin on Mar 7, 2019.
             Was the Champion of Dithmenos.
             Slain by an alligator (4 damage)
             ... on level 1 of the Swamp.
             The game lasted 01:04:00 (27676 turns).

Borgoz the Slicer (Ghoul Assassin)                 Turns: 27676, Time: 01:04:01

Health: -3/122     AC: 14    Str: 16    XL:     14   Next: 83%
Magic:  19/19      EV: 17    Int: 12    God:    Dithmenos [******]
Gold:   1210       SH:  2    Dex: 16    Spells: 18/21 levels left

rFire    . . .     SeeInvis +   a - +9 quick blade (vamp)
rCold    + + .     Gourm    .   (no shield)
rNeg     + + +     Faith    .   H - +2 ring mail {rC+}
rPois    ∞         Spirit   .   h - +1 helmet of the Poles {Int+4}
rElec    .         Reflect  +   d - +0 cloak
rCorr    .         Harm     .   (no gloves)
MR       +....                  r - +0 pair of boots
Stlth    ++++......             s - +2 amulet of reflection
HPRegen  0.00/turn              j - ring of see invisible
MPRegen  0.16/turn              I - +4 ring of dexterity

@: very slightly contaminated, rotting, wreathed by umbra, very slow
A: rotting body, claws 1, carnivore, cold resistance 1, negative energy
resistance 3, inhibited regeneration, torment resistance, unbreathing
a: Shadow Step, Shadow Form, Renounce Religion


You were on level 1 of the Swamp.
You worshipped Dithmenos.
Dithmenos was exalted by your worship.
You were not hungry.

You visited 4 branches of the dungeon, and saw 20 of its levels.

You collected 1336 gold pieces.
You spent 126 gold pieces at shops.

Inventory:

Hand Weapons
 a - a +9 vampiric quick blade (weapon)
 b - a +0 blowgun
 q - a +3 dagger of draining
 u - a +2 dagger of venom
Missiles
 e - 61 poisoned needles
 f - 21 curare-tipped needles
 i - 5 tomahawks
 p - 4 needles of paralysis
 z - 4 javelins
 B - 3 throwing nets (quivered)
Armour
 d - a +0 cloak (worn)
 h - the +1 helmet of the Poles (worn) {Int+4}
   (You took it off Robin on level 2 of the Dungeon)

   It affects your intelligence (+4).
 r - a +0 pair of boots (worn)
 H - a +2 ring mail of cold resistance (worn)
Jewellery
 j - a ring of see invisible (left claw)
 s - a +2 amulet of reflection (around neck)
 v - an uncursed ring of flight
 A - an uncursed ring of fire
 G - an uncursed ring of protection from fire
 I - a +4 ring of dexterity (right claw)
 J - an uncursed ring of stealth
 R - an uncursed ring of wizardry
Wands
 k - a wand of flame (46)
 w - a wand of digging (9)
 S - a wand of iceblast (13)
 T - a wand of disintegration (10)
Scrolls
 m - 3 scrolls of teleportation
 o - 3 scrolls of enchant armour
 t - 4 scrolls of identify
 y - a scroll of vulnerability
 C - 8 scrolls of immolation
 E - 2 scrolls of magic mapping
 F - 5 scrolls of remove curse
 K - a scroll of torment
 P - a scroll of amnesia
Potions
 c - 3 potions of heal wounds
 l - 2 potions of magic
 n - a potion of brilliance
 D - 2 potions of ambrosia
 M - 2 potions of curing
 N - a potion of haste
 O - a potion of flight
 Q - a potion of resistance
 U - a potion of might
 V - a potion of invisibility
Miscellaneous
 x - a lamp of fire
Comestibles
 g - 33 rations


   Skills:
 + Level 10.6 Fighting
 * Level 12.3 Short Blades
 - Level 3.1 Throwing
 * Level 10.5 Armour
 * Level 9.2 Dodging
 + Level 11.4 Stealth
 - Level 4.0 Spellcasting
 - Level 2.1 Charms
 - Level 7.3 Necromancy


You had 18 spell levels left.
You knew the following spells:

 Your Spells              Type           Power        Failure   Level  Hunger
a - Regeneration          Chrm/Necr      ##........   16%         3    ###....

Your spell library contained the following spells:

 Spells                   Type           Power        Failure   Level  Hunger
 Infusion                 Chrm           #...         16%         1    #......
 Song of Slaying          Chrm           #.......     24%         2    ##.....
 Shroud of Golubria       Chrm/Tloc      #.........   36%         2    ##.....
 Spectral Weapon          Hex/Chrm       #.......     58%         3    ###....


Dungeon Overview and Level Annotations

Branches:
Dungeon (12/15)            Temple (1/1) D:5            Lair (6/6) D:9
  Swamp (1/4) Lair:4       Spider (0/4) Lair:4        Slime (0/5) Lair:6
    Orc (0/2) D:11

Altars:
Ashenzari
Cheibriados
Dithmenos
Elyvilon
Fedhas
Gozag
Hepliaklqana
Kikubaaqudgha
Makhleb
Nemelex Xobeh
Okawaru
Qazlal
Ru
Sif Muna
Trog
Uskayaw
Vehumet
Wu Jian
Xom
Yredelemnul
Zin
The Shining One
Jiyva

Shops:
D:5 ?   D:11 [

Portals:
Hell: Lair:6


Innate Abilities, Weirdness & Mutations

Your body is rotting away.
You thrive on raw meat.
You are immune to poison.
You have sharp fingernails.
You are carnivorous and can eat meat at any time.
Your flesh is cold resistant. (rC+)
You are immune to negative energy. (rN+++)
You do not regenerate when monsters are visible.
You are immune to unholy pain and torment.
You can survive without breathing.


Message History

The grasping roots grab you!
* * * LOW HITPOINT WARNING * * *
The grasping roots constrict you!
You escape the roots' grasp.
Okay, then.
Roots burst forth from the earth!
The grasping roots grab you!
* * * LOW HITPOINT WARNING * * *
The grasping roots constrict you.
The alligator puts on a burst of speed!
You escape the roots' grasp.
You enter the shallow water.
Moving in this stuff is going to be slow.
The alligator bites you but does no damage.
The alligator barely misses you. The alligator closely misses you.
The alligator tail-slaps you.
* * * LOW HITPOINT WARNING * * *
The alligator bites you but does no damage.
The alligator closely misses you. The alligator completely misses you.
The alligator tail-slaps you.
You die...

≈≈.≈≈.≈♣ ♣.♣ ♣..♣
≈♣≈≈.≈♣.♣♣♣♣♣♣.♣ ♣♣..♣♣
≈.....≈≈.§.♣♣≈.♣♣ ♣....♣ ♣.
.≈≈.≈≈≈≈≈§≈.....♣♣♣.≈≈.♣ ♣.
♣≈.≈≈≈≈≈≈≈≈≈.≈(.....≈≈.♣♣♣.
♣≈.≈≈≈≈≈≈≈≈≈.......§≈≈..♣ .
♣..≈≈≈≈≈.≈≈≈≈..♣..≈≈♣≈≈.♣♣#
♣≈≈≈≈≈.<≈≈≈t≈....f.≈≈≈f≈.#t
♣..≈≈≈≈§≈≈@t....w..≈≈≈≈...#
...≈≈≈≈≈≈≈≈≈≈.♣.≈≈≈t.≈...#/
.$.≈≈≈≈≈≈≈≈..♣♣♣≈♣♣♣≈....##
≈≈..≈≈≈≈≈≈§.♣♣ ♣≈♣ ♣≈....##
..♣♣.≈..≈...♣ ♣♣≈ ♣♣..)...
≈ ♣♣♣♣♣♣♣... ♣##.###.##
♣.≈♣♣ ♣$# #.#.# ♣.≈♣ ≈. ..
## .≈≈.


You could see a shambling mangrove, 2 alligators and a swamp worm.

Vanquished Creatures
  Josephine (D:10)
  11 hydras
  Harold (D:11)
  Erica (D:8)
  3 two-headed ogres
  An alligator (Lair:4)
  Sonja (D:10)
  Urug (Lair:3)
  A sixfirhy (Lair:6)
  A skeletal warrior (D:11)
  An orange crystal statue (D:11)
  A wizard (Lair:6)
  An ugly thing (D:11)
  A cyclops (D:12)
  A centaur zombie (D:10)
  8 elephants
  3 orange demons (Lair:6)
  Joseph (D:10)
  5 black mambas
  A torpor snail (Lair:6)
  13 spiny frogs
  3 rime drakes
  2 ice devils (Lair:6)
  9 komodo dragons
  A queen bee (D:8)
  A hellwing (Lair:6)
  A red devil (Lair:6)
  A polar bear (Lair:6)
  A bog body (Swamp:1)
  A hornet (D:9)
  4 blink frogs (Lair:6)
  A slime creature (Lair:3)
  21 hippogriffs
  6 dream sheep (Lair:6)
  Sigmund (D:6)
  11 wyverns
  7 wraiths (D:10)
  36 yaks
  6 basilisks
  A hungry ghost (D:3)
  3 wargs (D:9)
  3 vampire mosquitoes (Swamp:1)
  9 insubstantial wisps
  10 water moccasins
  4 hell hounds (Lair:6)
  5 porcupines
  4 black bears
  3 orc warriors
  An ice beast (D:10)
  3 sky beasts
  4 wolves
  A necrophage (D:6)
  6 ogres
  7 centaurs
  8 crocodiles
  3 big kobolds
  11 bullfrogs
  2 gnoll sergeants
  A wyvern skeleton (D:10)
  A scorpion (D:10)
  12 killer bees (D:8)
  2 electric eels
  4 howler monkeys
  7 crimson imps
  A quasit (D:9)
  19 jellies
  A bullfrog skeleton (D:7)
  2 bullfrog zombies
  3 centaur skeletons
  11 hounds
  9 orc priests
  2 gnoll shamans (D:5)
  Jessica (D:9)
  13 orc wizards
  5 iguanas
  12 worker ants
  A statue (D:7)
  A hound skeleton (D:5)
  2 worker ant zombies
  Robin (D:2)
  26 gnolls
  13 adders
  2 shadow imps
  15 oozes
  An adder zombie (D:8)
  2 adder skeletons
  A worm (D:3)
  3 dart slugs
  4 leopard geckos
  39 orcs
  2 giant cockroaches
  2 gnoll zombies (D:5)
  10 hobgoblins
  11 jackals
  4 quokkas
  2 ball pythons (D:2)
  A ball python skeleton (D:4)
  10 bats
  8 frilled lizards
  15 goblins
  16 kobolds
  A leopard gecko skeleton (D:5)
  6 rats
  A fungus (Lair:3)
565 creatures vanquished.

Vanquished Creatures (others)
  27 fungi
  7 plants (Lair:6)
34 creatures vanquished.

Grand Total: 599 creatures vanquished

Notes
Turn   | Place    | Note
-------+----------+-------------------------------------------
     0 | D:1      | Borgoz the Ghoul Assassin began the quest for the Orb.
     0 | D:1      | Reached XP level 1. HP: 17/17 MP: 0/0
    22 | D:1      | You fall through a shaft!
   141 | D:1      | Reached skill level 1 in Dodging
   141 | D:1      | Reached XP level 2. HP: 22/24 MP: 1/1
   209 | D:1      | Reached skill level 2 in Short Blades
   549 | D:1      | Reached skill level 1 in Armour
   841 | D:2      | Reached XP level 3. HP: 3/30 MP: 2/2
   874 | D:2      | Reached XP level 4. HP: 23/37 MP: 3/3
  1417 | D:2      | Identified the +1 helmet of the Poles {Int+4}
  1417 | D:2      | Noticed Robin
  1490 | D:2      | Killed Robin
  2063 | D:3      | Reached XP level 5. HP: 42/44 MP: 4/4
  2136 | D:3      | Reached skill level 3 in Short Blades
  2191 | D:3      | Noticed a hungry ghost
  2498 | D:3      | Reached skill level 5 in Stealth
  2793 | D:3      | Reached XP level 6. HP: 23/51 MP: 5/5
  3022 | D:3      | Found an ornate altar of the Wu Jian Council.
  3321 | D:3      | Killed a hungry ghost
  3969 | D:4      | Reached XP level 7. HP: 50/56 MP: 6/6
  4056 | D:4      | Reached skill level 4 in Short Blades
  4304 | D:5      | Entered Level 5 of the Dungeon
  4433 | D:5      | Found Angit's Magic Scroll Shop.
  4445 | D:5      | Bought 3 scrolls of teleportation for 126 gold pieces
  5790 | D:5      | Reached XP level 8. HP: 21/65 MP: 7/7
  6176 | D:5      | Found a staircase to the Ecumenical Temple.
  6206 | Temple   | Entered the Ecumenical Temple
  6396 | Temple   | Became a worshipper of Dithmenos the Shadowed
  6481 | D:5      | Found a deep blue altar of Sif Muna.
  6603 | D:5      | Found a basalt altar of Yredelemnul.
  6754 | D:6      | Found a sacrificial altar of Ru.
  6903 | D:6      | Noticed Sigmund
  6919 | D:6      | Reached skill level 5 in Short Blades
  6924 | D:6      | Killed Sigmund
  7055 | D:6      | HP: 3/67 [black bear (3)]
  7718 | D:5      | Reached skill level 5 in Armour
  8193 | D:5      | Reached skill level 5 in Fighting
  8218 | D:5      | Reached XP level 9. HP: 64/74 MP: 8/8
  8326 | D:5      | Reached * piety under Dithmenos
  8862 | D:6      | Reached skill level 6 in Short Blades
  9520 | D:6      | Noticed a two-headed ogre
  9536 | D:6      | Killed a two-headed ogre
  9957 | D:7      | Reached XP level 10. HP: 83/83 MP: 9/9
  9967 | D:7      | Found a radiant altar of Vehumet.
 10109 | D:7      | Reached ** piety under Dithmenos
 10146 | D:7      | Reached skill level 7 in Short Blades
 10991 | D:7      | Found a shattered altar of Ashenzari.
 11180 | D:8      | Identified a scroll of acquirement
 11532 | D:8      | Learned a level 3 spell: Regeneration
 11645 | D:8      | Noticed Erica
 11689 | D:8      | Killed Erica
 11689 | D:8      | Reached skill level 5 in Dodging
 11689 | D:8      | Reached skill level 1 in Spellcasting
 11689 | D:8      | Reached skill level 1 in Charms
 11689 | D:8      | Reached skill level 1 in Necromancy
 11759 | D:8      | Found a glowing silver altar of Zin.
 11804 | D:8      | Found an opulent altar of Gozag.
 11806 | D:8      | Found a glowing golden altar of the Shining One.
 12332 | D:9      | Reached *** piety under Dithmenos
 12409 | D:9      | Found a sparkling altar of Nemelex Xobeh.
 12409 | D:9      | Noticed Jessica
 12414 | D:9      | Killed Jessica
 12792 | D:9      | Reached XP level 11. HP: 76/91 MP: 12/12
 12820 | D:9      | Reached skill level 8 in Short Blades
 12999 | D:9      | Noticed a two-headed ogre
 13004 | D:9      | Killed a two-headed ogre
 13087 | D:9      | Found a staircase to the Lair.
 14279 | D:10     | Entered Level 10 of the Dungeon
 15078 | D:10     | Found a shattered altar of Ashenzari.
 15080 | D:10     | Found a basalt altar of Yredelemnul.
 15080 | D:10     | Found a shimmering altar of Xom.
 15082 | D:10     | Found a glowing golden altar of the Shining One.
 15082 | D:10     | Found a stormy altar of Qazlal.
 15082 | D:10     | Found an ancient bone altar of Kikubaaqudgha.
 15154 | D:10     | Noticed Josephine
 15238 | D:10     | Reached **** piety under Dithmenos
 15240 | D:10     | Got a distressingly furry leather armour
 15254 | D:10     | Identified the cursed +0 leather armour "Nodop" {rPois rC+
                  | rN+ Dex+7} (You found it on level 10 of the Dungeon)
 15379 | D:10     | Noticed Sonja
 15383 | D:10     | Killed Sonja
 16180 | D:10     | Noticed Joseph
 16203 | D:10     | Killed Joseph
 16203 | D:10     | Reached skill level 9 in Short Blades
 16280 | D:10     | Killed Josephine
 16311 | D:10     | Reached XP level 12. HP: 37/101 MP: 15/15
 16756 | D:11     | Noticed a two-headed ogre
 16761 | D:11     | Killed a two-headed ogre
 16767 | D:11     | Found Zitwinle's Armour Emporium.
 16791 | D:11     | Found a staircase to the Orcish Mines.
 16863 | D:11     | Noticed Harold
 17215 | D:11     | Killed Harold
 18426 | D:12     | Noticed a seven-headed hydra
 19043 | Lair:1   | Entered Level 1 of the Lair of Beasts
 19496 | Lair:1   | Reached skill level 10 in Short Blades
 19496 | Lair:1   | Reached skill level 5 in Necromancy
 21265 | Lair:3   | Reached XP level 13. HP: 108/108 MP: 18/18
 21272 | Lair:3   | Reached ***** piety under Dithmenos
 21341 | Lair:3   | Noticed Urug
 21385 | Lair:3   | Killed Urug
 23093 | Lair:4   | Found a hole to the Spider Nest.
 23419 | Lair:4   | Reached skill level 10 in Stealth
 23522 | Lair:4   | Found a staircase to the Swamp.
 24213 | Lair:5   | Reached skill level 11 in Short Blades
 24801 | Lair:6   | Entered Level 6 of the Lair of Beasts
 25256 | Lair:6   | Reached XP level 14. HP: 114/118 MP: 19/19
 25403 | Lair:6   | Reached skill level 10 in Fighting
 25599 | Lair:6   | Reached ****** piety under Dithmenos
 25704 | Lair:6   | Reached skill level 10 in Armour
 25949 | Lair:6   | Reached skill level 12 in Short Blades
 26443 | Lair:6   | Found a burning altar of Makhleb.
 27051 | Lair:6   | Found a gateway to Hell.
 27200 | Lair:6   | Found a runed translucent door.
 27200 | Lair:6   | Found a viscous altar of Jiyva.
 27201 | Lair:6   | Found a staircase to the Slime Pits.
 27338 | Swamp:1  | Entered Level 1 of the Swamp
 27676 | Swamp:1  | HP: 1/122 [alligator (6)]
 27676 | Swamp:1  | Slain by an alligator

Skill      XL: |  1  2  3  4  5  6  7  8  9 10 11 12 13 14 |
---------------+-------------------------------------------+-----
Dodging        | 1 2 3 4 5 6 7 8 9 |  9.2
Short Blades   | 2 3 4 5 6 7 9 10 11 12 | 12.3
Armour         | 1 2 3 4 5 6 7 8 9 10 | 10.5
Fighting       | 3 4 5 6 7 8 9 10 | 10.6
Stealth        | 5 6 7 8 9 10 11 | 11.4
Throwing       | 2 3 |  3.1
Spellcasting   | 1 3 4 |  4.0
Charms         | 1 2 |  2.1
Necromancy     | 1 3 5 6 7 |  7.3

Action                   |  1- 3 |  4- 6 |  7- 9 | 10-12 | 13-15 || total
-------------------------+-------+-------+-------+-------+-------++-------
Melee: Dagger            |   116 |   419 |   971 |   658 |       ||  2164
       Quick blade       |       |       |       |  1149 |  1572 ||  2721
 Fire: Blowgun           |       |     5 |    27 |       |       ||    32
Throw: Tomahawk          |       |       |     1 |     1 |       ||     2
 Cast: Regeneration      |       |       |       |       |     2 ||     2
Evoke: Wand              |       |       |    12 |     5 |     1 ||    18
  Use: Potion            |     3 |     1 |     4 |     5 |       ||    13
       Scroll            |       |     6 |    11 |    15 |    12 ||    44
 Stab: Sleeping          |     1 |     1 |    11 |    39 |    19 ||    71
       Invisible         |       |       |     5 |     5 |       ||    10
       Distracted        |       |       |       |     2 |     1 ||     3
  Eat: Chunk             |     2 |    21 |    45 |    82 |    51 ||   201
Armor: Robe              |     4 |       |       |       |       ||     4
       Leather armour    |    30 |   132 |   281 |    47 |       ||   490
       Ring mail         |       |       |       |   202 |   244 ||   446
Dodge: Dodged            |    73 |   276 |   474 |   588 |   685 ||  2096
Block: Other             |       |       |       |       |    46 ||    46
